 Dungeon Crawl Stone Soup version 0.18-a0-1167-g39faa5c (webtiles) character file.

1802 Minkie the Thaumaturge (level 8, 10/46 HPs)
             Began as a High Elf Air Elementalist on Jan 25, 2016.
             Was a Follower of Vehumet.
             Quit the game on level 5 of the Dungeon.
             The game lasted 00:37:23 (7448 turns).

Minkie the Thaumaturge (High Elf Air Elementalist)  Turns: 7448, Time: 00:37:23

Health: 10/46      AC:  5    Str:  7    XL:     8   Next: 83%
Magic:  22/22      EV: 13    Int: 21    God:    Vehumet [*.....]
Gold:   208        SH:  0    Dex: 16    Spells: 4 memorised, 15 levels left

rFire  + . .     SeeInvis .     F - +1 dagger (venom)
rCold  . . .     Gourm    .     i - +1 robe {rN+}
rNeg   + . .     Faith    .     (no shield)
rPois  .         Spirit   .     w - +1 hat
rElec  .         Dismiss  .     (no cloak)
rCorr  .         Reflect  .     (no gloves)
SustAt .         Harm     .     z - +0 pair of boots
MR     .....                    (no amulet)
Stlth  ++........               E - ring of protection from fire
                                x - ring of wizardry

@: repel missiles, not resistant to hostile enchantments, unstealthy
A: no striking features
a: Renounce Religion


You were on level 5 of the Dungeon.
You worshipped Vehumet.
Vehumet was aware of your devotion.
You were not hungry.

You visited 2 branches of the dungeon, and saw 7 of its levels.

You collected 208 gold pieces.

Inventory:

Hand Weapons
 y - a +4 dagger
 F - a +1 dagger of venom (weapon)
 G - a +1 dagger of speed
Armour
 i - a +1 robe of positive energy (worn)
 w - a +1 hat (worn)
 z - a +0 pair of boots (worn)
Jewellery
 d - an uncursed ring of fire
 u - an uncursed ring of ice
 x - a ring of wizardry (left hand)
 E - a ring of protection from fire (right hand)
Scrolls
 a - 2 scrolls of blinking {unknown}
 e - 2 scrolls of remove curse {unknown}
 g - 3 scrolls of magic mapping
 h - a scroll of enchant armour {unknown}
 j - 2 scrolls of immolation {unknown}
 l - 3 scrolls of teleportation {unknown}
 n - a scroll of recharging {unknown}
 o - a scroll of enchant weapon {unknown}
 v - a scroll of amnesia {unknown}
 A - 2 scrolls of noise {unknown}
Potions
 k - 2 potions of flight
 q - a potion of berserk rage {unknown}
 r - 4 potions of curing {unknown}
 t - a potion of brilliance {unknown}
 B - 2 potions of might {unknown}
 C - a potion of agility {unknown}
 D - a potion of mutation {unknown}
 H - a potion of ambrosia {unknown}
Books
 b - a book of Air

   Spells                             Type                      Level
   a - Shock                          Conjuration/Air              1
   b - Swiftness                      Charms/Air                   2
   c - Repel Missiles                 Charms/Air                   2
   d - Static Discharge               Conjuration/Air              3
   e - Lightning Bolt                 Conjuration/Air              5
Comestibles
 c - 4 bread rations
 f - a royal jelly
 m - 3 fruits
 p - a meat ration
 s - 2 slices of pizza
 I - 2 chunks of flesh


   Skills:
 - Level 2.1 Dodging
 - Level 2.1 Stealth
 * Level 9.1 Spellcasting
 + Level 6.3 Conjurations
 + Level 7.8 Air Magic


You had 15 spell levels left.
You knew the following spells:

 Your Spells              Type           Power        Failure   Level  Hunger
a - Shock                 Conj/Air       ####         1%          1    None
b - Repel Missiles        Chrm/Air       ####..       1%          2    None
c - Swiftness             Chrm/Air       ####....     1%          2    None
d - Lightning Bolt        Conj/Air       #####.....   6%          5    #####..


Dungeon Overview and Level Annotations

Branches:
Dungeon (6/15)             Temple (1/1) D:4

Altars:
Ashenzari
Cheibriados
Dithmenos
Elyvilon
Fedhas
Gozag
Makhleb
Nemelex Xobeh
Okawaru
Pakellas
Qazlal
Ru
Sif Muna
Trog
Vehumet
Xom
Yredelemnul
Zin
The Shining One

Annotations:
D:3 Purgy
D:6 STARCURSEDMAN's ghost, novice HaSk


Message History

The sky beast flickers out of sight!
Deactivating autopickup; reactivate with Ctrl-A.
A sky beast appears from thin air!
Reactivating autopickup.
You start to feel a little faster.
You no longer feel sluggish.
The sky beast flickers out of sight!
Deactivating autopickup; reactivate with Ctrl-A.
There is a stone staircase leading up here.
You climb upwards.
There is a stone staircase leading down here.
Are you sure you want to abandon this character and quit the game? (Confirm with "yes".)
Okay, then.
Saving game... please wait.
Welcome back, Minkie the High Elf Air Elementalist.
Vehumet says: Let it end in hellfire!
Press ? for a list of commands and other information.
Are you sure you want to abandon this character and quit the game? (Confirm with "yes".)
Okay, then.
Are you sure you want to abandon this character and quit the game? (Confirm with "yes".)

#.# #...###....#.#..#.###........
#.###..........#.#...........##(#
...............#.##.#.###.##.##(#
#.#####.###................#.....
#.#####.# #..#.#.##.#............
........###...........###..#.##.#
#.#..........#...##.#####..#.##.#
#.#.#######..#...................
................@...#####..#.##.#
###.#######.##.#.#### #..#.##.#
#.# #.##...# #..#.##.# #.#
#.###### #..#.##.# #.# #.#
#..#.##.#
###.#######.#############..#.##.#
.................................
###.#####################........
#.# #.......#


There were no monsters in sight!

Vanquished Creatures
  An ice beast (D:6)
  A phantom (D:5)
  3 ogres
  2 centaurs (D:5)
  A giant frog (D:6)
  A scorpion (D:4)
  A giant frog zombie (D:5)
  6 hounds
  2 centaur skeletons (D:5)
  5 orc priests
  5 orc wizards
  2 giant frog skeletons (D:5)
  2 iguanas
  6 worker ants
  A hound zombie (D:5)
  9 gnolls
  7 adders
  2 shadow imps
  An ooze (D:3)
  3 worms
  4 giant geckos
  24 orcs
  5 bats
  3 giant cockroaches
  5 goblins
  4 hobgoblins
  6 jackals
  5 kobolds
  6 quokkas
  9 giant newts
  A quokka skeleton (D:4)
  7 rats
140 creatures vanquished.

Notes
Turn   | Place    | Note
--------------------------------------------------------------
     0 | D:1      | Minkie the High Elf Air Elementalist began the quest for the Orb.
     0 | D:1      | Reached XP level 1. HP: 11/11 MP: 4/4
   512 | D:1      | Reached XP level 2. HP: 17/17 MP: 6/6
  1334 | D:2      | Reached XP level 3. HP: 21/21 MP: 3/8
  1443 | D:2      | Reached skill level 4 in Air Magic
  1794 | D:2      | Reached XP level 4. HP: 27/27 MP: 4/10
  1840 | D:2      | Learned a level 2 spell: Repel Missiles
  1843 | D:2      | Learned a level 2 spell: Swiftness
  2884 | D:3      | Reached XP level 5. HP: 31/31 MP: 4/12
  3024 | D:3      | Reached skill level 5 in Air Magic
  3173 | D:3      | Learned a level 5 spell: Lightning Bolt
  3227 | D:3      | Noticed an orc warrior
  3238 | D:3      | Reached XP level 6. HP: 15/36 MP: 7/14
  3239 | D:3      | HP: 1/36 [orc warrior/tomahawk (15)]
  3553 | D:3      | Reached skill level 5 in Spellcasting
  3669 | D:3      | Noticed Purgy
  4438 | D:4      | Reached skill level 6 in Spellcasting
  4438 | D:4      | Reached XP level 7. HP: 34/41 MP: 7/17
  4604 | D:4      | Found a staircase to the Ecumenical Temple.
  4612 | Temple   | Entered the Ecumenical Temple
  4635 | Temple   | Became a worshipper of Vehumet
  5363 | D:5      | Entered Level 5 of the Dungeon
  5508 | D:5      | Reached skill level 7 in Spellcasting
  5508 | D:5      | Reached skill level 5 in Conjurations
  5706 | D:5      | Reached XP level 8. HP: 44/46 MP: 3/20
  5843 | D:5      | Reached * piety under Vehumet
  5843 | D:5      | Offered knowledge of Flame Tongue by Vehumet.
  6095 | D:5      | Found a shadowy altar of Dithmenos.
  6133 | D:5      | Reached skill level 8 in Spellcasting
  6993 | D:6      | Noticed STARCURSEDMAN's ghost (novice HaSk)
  7248 | D:6      | Reached skill level 9 in Spellcasting
  7448 | D:5      | Upgraded the game from 0.18-a0-1163-g98183fe to 0.18-a0-1167-g39faa5c
  7448 | D:5      | Quit the game

Vault maps used:
D:1:      minmay_arrival_widening_spiral_wide, minmay_misc_feat_columns
D:2:      first_bread, minmay_misc_feat_alley
D:3:      fedhas_altar_4, uniq_crazy_yiuf_cottage, uniq_purgy
D:4:      minmay_temple_entry_glassed_door
D:5:      kennysheep_mini_moat
D:6:      lemuel_crystal_altar
Temple:   grunt_circular_temple_18

Action                   |  1- 3 |  4- 6 |  7- 9 || total
-------------------------+-------+-------+-------++-------
Melee: Spear             |    15 |       |       ||    15
       Whip              |     6 |       |       ||     6
       Dagger            |       |    13 |    50 ||    63
 Cast: Shock             |    54 |   129 |   185 ||   368
       Lightning Bolt    |       |     4 |       ||     4
       Swiftness         |       |     1 |     1 ||     2
       Repel Missiles    |       |       |     1 ||     1
  Use: Scroll            |       |       |     3 ||     3
 Stab: Sleeping          |     1 |     3 |     2 ||     6
  Eat: Chunk             |     2 |     8 |     9 ||    19
       Beef jerky        |       |     1 |       ||     1
